 Dungeon Crawl Stone Soup version 0.24-a0-201-gf205589 (webtiles) character file.

Game seed: 10079233370494110091

12785 Borgoz the Slicer (level 11, -5/67 HPs)
             Began as a Gargoyle Gladiator on Mar 26, 2019.
             Was a Priest of Ashenzari.
             Slain by Rupert
             ... wielding a +0 great mace of protection
              (16 damage)
             ... on level 12 of the Dungeon.
             The game lasted 00:30:33 (14137 turns).

Borgoz the Slicer (Gargoyle Gladiator)             Turns: 14137, Time: 00:30:34

Health: -5/67      AC: 25    Str: 21    XL:     11   Next: 98%
Magic:  16/19      EV: 14    Int: 19    God:    Ashenzari [***...]
Gold:   327        SH:  0    Dex: 14    Spells: 21/21 levels left

rFire    . . .     SeeInvis +   a - +3 short sword (venom)
rCold    + . .     Gourm    .   (no shield)
rNeg     + + +     Faith    .   K - +2 scale mail of Wu Jian's Delight {+Inv Int+4}
rPois    ∞         Spirit   .   c - +0 helmet
rElec    +         Reflect  .   m - scarf {repulsion}
rCorr    .         Harm     .   (no gloves)
MR       +....                  C - +0 pair of boots (curse)
Stlth    ++........             A - amulet of rage
HPRegen  0.21/turn              E - ring of Democracy {rN++ AC+3 Str-2 Int+4 SInv}
MPRegen  0.16/turn              J - ring "Fodwye Team" {rElec rC+ MR+ Int+2}

@: mighty, about to teleport, repel missiles
A: thin metallic scales 1, negative energy resistance 1, electricity resistance,
unbreathing, petrification resistance, rot immunity, MP-powered wands, AC +8
a: Curse Item, Scrying, Renounce Religion, Evoke Berserk Rage, Evoke
Invisibility


You were on level 12 of the Dungeon.
You worshipped Ashenzari.
Ashenzari was most pleased with you.
You were hungry.

You visited 2 branches of the dungeon, and saw 13 of its levels.
You also visited: Sewer.

You collected 711 gold pieces.
You spent 384 gold pieces at shops.

Inventory:

Hand Weapons
 a - a +3 short sword of venom (weapon)
 b - a +1 antimagic dagger
 D - a +1 rapier
 L - a +2 short sword of draining
 O - a +1 dagger of venom
 P - a +3 rapier
 R - a +3 dagger
Missiles
 w - 4 javelins (quivered)
 B - 18 tomahawks of returning
 M - 24 tomahawks
Armour
 c - a +0 helmet (worn)
 l - a +0 leather armour of magic resistance
 m - a scarf of repulsion (worn)
 n - a +2 ring mail of fire resistance
 C - a cursed +0 pair of boots (worn)
 G - +0 steam dragon scales
 K - the +2 scale mail of Wu Jian's Delight (worn) {+Inv Int+4}
   (You found it on level 8 of the Dungeon)

   It affects your intelligence (+4).
   It lets you turn invisible.
Jewellery
 v - an uncursed ring of magical power
 A - an amulet of rage (around neck)
 E - the ring of Democracy (left hand) {rN++ AC+3 Str-2 Int+4 SInv}
   (You found it on level 6 of the Dungeon)

   [ring of protection]

   It affects your AC (+3).
   It affects your strength (-2).
   It affects your intelligence (+4).
   It greatly protects you from negative energy.
   It lets you see invisible.
 J - the ring "Fodwye Team" (right hand) {rElec rC+ MR+ Int+2}
   (You found it on level 11 of the Dungeon)

   [ring of protection from magic]

   It affects your intelligence (+2).
   It protects you from cold.
   It insulates you from electricity.
   It affects your resistance to hostile enchantments.
 Q - an uncursed ring of protection from fire
Wands
 d - a wand of polymorph (5)
 y - a wand of flame (28)
 N - a wand of acid (8)
Scrolls
 e - 2 scrolls of fear
 i - 6 scrolls of fog
 j - 6 scrolls of remove curse
 p - a scroll of random uselessness {unknown}
 r - a scroll of blinking {unknown}
 u - 4 scrolls of magic mapping
 F - 3 scrolls of teleportation
 H - 4 scrolls of enchant armour {unknown}
 I - a scroll of noise {unknown}
 S - a scroll of summoning {unknown}
Potions
 g - 5 potions of lignification
 h - 4 potions of might
 k - 3 potions of curing
 o - 2 potions of magic
 q - 2 potions of agility
 t - 2 potions of resistance
 x - a potion of haste
 z - a potion of brilliance
 T - a potion of flight {unknown}
Comestibles
 f - 24 rations


   Skills:
 + Level 7.2 Fighting
 + Level 8.3 Short Blades
 - Level 5.1 Throwing
 + Level 6.7 Armour
 + Level 7.6 Dodging
 + Level 7.3 Stealth
 + Level 5.6 Spellcasting
 + Level 4.4 Evocations


You had 21 spell levels left.
You didn't know any spells.
Your spell library was empty.

Dungeon Overview and Level Annotations

Branches:
Dungeon (12/15)            Temple (1/1) D:4            Lair (0/6) D:8
    Orc (0/2) D:12

Altars:
Ashenzari
Cheibriados
Dithmenos
Elyvilon
Fedhas
Gozag
Hepliaklqana
Kikubaaqudgha
Makhleb
Nemelex Xobeh
Okawaru
Qazlal
Ru
Sif Muna
Trog
Uskayaw
Vehumet
Wu Jian
Xom
Yredelemnul
Zin
The Shining One

Shops:
D:7 *   D:9 [   D:10 *

Annotations:
D:12 Rupert


Innate Abilities, Weirdness & Mutations

You are resistant to torment.
Your stone body is resilient. (AC +8)
You are immune to poison.
You resist negative energy. (rN+)
You are resistant to electric shocks. (rElec)
You can survive without breathing.
You are immune to petrification.
You are immune to rotting.
You are partially covered in thin metallic scales. (AC +2)
You expend magic power (3 MP) to strengthen your wands.


Message History

Rupert hits you but does no damage.
Evoke which item? (* to show all) (? for menu, Esc to quit)
Aiming: Corrosive Bolt
Press: ? - help, Shift-Dir - straight line, f/p - Rupert
Aim: Rupert, wielding a +0 great mace of protection and wearing a +0 ring mail (lightly wounded, berserk, fast, unusually strong, poisoned)
You feel a surge of power!
The bolt of acid hits Rupert.
Rupert is splashed with acid.
The acid corrodes Rupert!
Rupert is lightly wounded.
The bolt of acid hits the yak!!
The yak is splashed with acid.
The yak is heavily wounded.
The bolt of acid hits the yak!
The yak is splashed with acid.
The acid corrodes the yak!
The yak is heavily wounded.
Rupert hits you with a +0 great mace of protection!
* * * LOW HITPOINT WARNING * * *
Rupert hits you with a +0 great mace of protection!
* * * LOW HITPOINT WARNING * * *
You feel better.
Rupert hits you with a +0 great mace of protection!
You die...

#....#, ,* #....#
#....# ,.#####....#
#....# ..........#
#....#, ........C.#
#....# ###+####Y.#
#....# , , ,, #YT#
#....# , ,,,#Y##
.....# , , ,+@#
...(.##.* , #@#
......#.# ,, #.#
......#.########.#
......#..........#
......#..........#
......#..........#
......#..........##**
*
#######....).........
..................###
*


You could see Rupert (berserk), a cyclops, 3 yaks and a troll.

Vanquished Creatures
  2 two-headed ogres
  Pikel (D:7)
  A deep elf mage (D:12)
  A cyclops (D:12)
  A centaur skeleton (D:12)
  A kobold demonologist (D:11)
  A troll (D:9)
  2 hippogriffs
  A wyvern (D:8)
  7 yaks
  2 steam dragons (D:6)
  A basilisk (D:8)
  A hungry ghost (D:12)
  Edmund (D:4)
  A soldier ant (D:10)
  4 porcupines
  2 water moccasins
  2 ice beasts
  A swamp drake (D:12)
  A black bear (D:12)
  4 necrophages
  2 sky beasts
  5 orc warriors
  2 phantoms
  4 slaves (D:7)
  7 ogres
  6 centaurs
  3 crocodiles
  7 big kobolds
  8 bullfrogs
  A wyvern skeleton (D:9)
  3 scorpions
  A water moccasin skeleton (D:8)
  6 killer bees (D:11)
  4 wights
  3 crimson imps
  4 howler monkeys
  A quasit (D:8)
  4 bullfrog zombies
  2 hounds (D:7)
  4 bullfrog skeletons
  6 orc priests
  10 orc wizards
  2 jellies
  3 iguanas
  Ijyb (D:5)
  Natasha (thrice) (D:4)
  9 worker ants
  2 hound zombies
  A hound skeleton (D:4)
  4 worker ant zombies
  A howler monkey skeleton (D:5)
  16 adders
  14 gnolls
  2 river rats (Sewer)
  5 shadow imps
  3 oozes (Sewer)
  3 adder skeletons (D:4)
  8 worms
  3 dart slugs
  6 leopard geckos
  44 orcs
  4 ball pythons
  8 giant cockroaches
  7 hobgoblins
  15 jackals
  5 quokkas
  10 bats
  4 frilled lizards
  A giant cockroach zombie (D:5)
  13 goblins
  23 kobolds
  2 leopard gecko skeletons (D:4)
  A quokka zombie (D:9)
  16 rats
370 creatures vanquished.

Vanquished Creatures (others)
  An orc wizard (D:12)
  An orc (D:4)
  6 fungi (D:6)
  3 plants
11 creatures vanquished.

Grand Total: 381 creatures vanquished

Notes
Turn   | Place    | Note
-------+----------+-------------------------------------------
     0 | D:1      | Borgoz the Gargoyle Gladiator began the quest for the Orb.
     0 | D:1      | Reached XP level 1. HP: 12/12 MP: 1/1
   308 | D:1      | Reached XP level 2. HP: 17/17 MP: 2/2
   516 | D:1      | Reached skill level 3 in Short Blades
   796 | D:1      | Reached XP level 3. HP: 22/22 MP: 3/3
   934 | D:2      | Found a shadowy altar of Dithmenos.
   941 | D:2      | Reached skill level 1 in Stealth
  1270 | D:2      | Reached XP level 4. HP: 27/27 MP: 4/4
  1299 | D:2      | Reached skill level 1 in Armour
  1315 | D:2      | Found a faded altar of an unknown god.
  1798 | D:3      | Reached XP level 5. HP: 14/31 MP: 4/6
  2013 | D:3      | Found a snail-covered altar of Cheibriados.
  2168 | D:3      | Found a glowing golden altar of the Shining One.
  2496 | D:4      | Noticed Edmund
  2510 | D:4      | Killed Edmund
  2510 | D:4      | Reached skill level 1 in Spellcasting
  2510 | D:4      | Reached XP level 6. HP: 33/36 MP: 7/7
  2535 | D:4      | Reached skill level 4 in Short Blades
  2587 | D:4      | Noticed Natasha
  2600 | D:4      | Killed Natasha
  2624 | D:4      | Noticed Natasha
  2637 | D:4      | Killed Natasha
  2662 | D:4      | Reached XP level 7. HP: 29/41 MP: 9/9
  2873 | D:4      | Found a glowing drain.
  2878 | Sewer    | Entered a sewer
  3566 | Sewer    | Reached XP level 8. HP: 39/48 MP: 11/11
  3990 | D:4      | Found a staircase to the Ecumenical Temple.
  3998 | Temple   | Entered the Ecumenical Temple
  4151 | Temple   | Became a worshipper of Ashenzari the Shackled
  4226 | D:4      | Noticed Natasha
  4239 | D:4      | Killed Natasha
  4258 | D:4      | Found a white marble altar of Elyvilon.
  4616 | D:5      | Entered Level 5 of the Dungeon
  4632 | D:5      | Reached skill level 5 in Short Blades
  5175 | D:5      | Noticed Ijyb
  5195 | D:5      | Killed Ijyb
  5375 | D:5      | HP: 2/48 [wight/+5 dire flail (9)]
  5402 | D:5      | HP: 1/48 [wight/+5 dire flail (5)]
  5616 | D:5      | Gained mutation: You are robust. (+10% HP) [potion of
                  | mutation]
  5616 | D:5      | Lost mutation: You are robust. (+10% HP) [potion of
                  | mutation]
  5616 | D:5      | Gained mutation: You are partially covered in thin metallic
                  | scales. (AC +2) [potion of mutation]
  5616 | D:5      | Gained mutation: You expend magic power (3 MP) to
                  | strengthen your wands. [potion of mutation]
  6142 | D:6      | Reached skill level 5 in Dodging
  6226 | D:6      | Reached XP level 9. HP: 26/52 MP: 13/13
  6526 | D:6      | Identified the ring of Democracy {rN++ AC+3 Str-2 Int+4
                  | SInv}
  6809 | D:6      | Reached skill level 6 in Short Blades
  6823 | D:6      | Reached skill level 1 in Evocations
  7108 | D:6      | Found a hazy altar of Hepliaklqana.
  7183 | D:7      | Noticed Pikel
  7238 | D:7      | Killed Pikel
  7238 | D:7      | Reached skill level 5 in Fighting
  7478 | D:7      | Reached * piety under Ashenzari
  7644 | D:7      | Found Faeros's Assorted Antiques.
  7840 | D:7      | Reached skill level 5 in Stealth
  7933 | D:7      | Reached XP level 10. HP: 56/59 MP: 15/15
  8356 | D:7      | Found an ancient bone altar of Kikubaaqudgha.
  8587 | D:8      | Found a staircase to the Lair.
  8963 | D:7      | Reached skill level 5 in Armour
  9031 | D:8      | Reached skill level 7 in Short Blades
  9284 | D:8      | Found a shimmering altar of Xom.
  9823 | D:8      | Found an iron altar of Okawaru.
  9914 | D:8      | Got the uncursed scale mail of Wu Jian's Delight {+Inv
                  | Int+4}
  9925 | D:8      | Identified the +2 scale mail of Wu Jian's Delight {+Inv
                  | Int+4} (You found it on level 8 of the Dungeon)
 10162 | D:9      | Reached skill level 5 in Throwing
 10209 | D:9      | Noticed a two-headed ogre
 10231 | D:9      | Killed a two-headed ogre
 10231 | D:9      | Reached XP level 11. HP: 34/64 MP: 17/17
 10439 | D:9      | Reached ** piety under Ashenzari
 10996 | D:9      | Found Saujoc's Antique Armour Shop.
 11012 | D:9      | Identified the +8 fustibalus of Disembowelment {freeze,
                  | rPois rN+ MR- Str+4}
 11494 | D:10     | Entered Level 10 of the Dungeon
 11731 | D:10     | Reached skill level 5 in Spellcasting
 11871 | D:10     | Found Bymut's Assorted Antiques.
 11876 | D:10     | Bought a scroll of identify for 64 gold pieces
 11876 | D:10     | Bought a runed rapier for 224 gold pieces
 11878 | D:10     | Bought a scroll of teleportation for 96 gold pieces
 11982 | D:10     | Reached skill level 8 in Short Blades
 12202 | D:11     | Noticed a soul eater
 12393 | D:11     | Identified the ring "Fodwye Team" {rElec rC+ MR+ Int+2}
 12923 | D:12     | Noticed a cyclops
 12941 | D:12     | Killed a cyclops
 13238 | D:12     | Noticed a deep elf mage
 13249 | D:12     | Killed a deep elf mage
 13753 | D:12     | Found a staircase to the Orcish Mines.
 13889 | D:12     | Reached *** piety under Ashenzari
 14090 | D:12     | Noticed a two-headed ogre
 14101 | D:12     | Killed a two-headed ogre
 14118 | D:12     | Noticed Rupert
 14119 | D:12     | Noticed a cyclops
 14136 | D:12     | HP: 2/67 [Rupert/+0 great mace of protection (10)]
 14137 | D:12     | Slain by Rupert

Levels and vault maps discovered:
D:1:      tarquinn_simple_flora_water_e, layout_basic,
          wander_ebering_terrifying_dragon_lair
D:2:      layout_loops_cross, chequers_ecumenical_altar_simple,
          nicolae_dithmenos_shadow_blocks
D:3:      layout_loops_ring, lemuel_round_altar, kennysheep_slug_shrine,
          hangedman_abyss_or_decor_stabs, chequers_garden
D:4:      layout_cave_pools, kennysheep_mini, minmay_temple_entry_junction,
          gup_sewer_entry_spiral, serial_park, serial_park_avenue1,
          serial_park_square2, serial_park_tiny_pond, serial_park_tiny_pond,
          uniq_natasha, uniq_edmund
D:5:      layout_cave_pools, first_ration, minmay_misc_feat_enclosed, uniq_ijyb
D:6:      kennysheep_steamy, layout_rooms, nicolae_overflow_hidden_temple,
          minmay_misc_feat_diagonals
D:7:      layout_basic, lemuel_coloured_pillars_altar, serial_shops, shop,
          minmay_microvault, uniq_pikel
D:8:      layout_cave_pools, okawaru_metal_pillars_1_2, minmay_lair_entry_grove,
          serial_park, serial_park_tiny_2, serial_park_gazebo
          [serial_park_minivault_5x5_3]
D:9:      layout_stronghold, serial_shops, shop, serial_undead, serial_undead_a,
          serial_undead_f, serial_undead_f, serial_undead_d,
          minmay_shattered_shrine
D:10:     layout_roguey, serial_shops, shop
D:11:     layout_basic
D:12:     layout_irregular_city, erik_orc_1, serial_shops, shop, uniq_maurice,
          uniq_rupert
Temple:   regret_index_temple_sphere_string
Sewer:    sewer_co_tree

Skill      XL: |  1  2  3  4  5  6  7  8  9 10 11 |
---------------+----------------------------------+-----
Short Blades   | 3 4 5 6 7 8 |  8.3
Throwing       | 2 3 4 5 |  5.1
Stealth        | 1 2 3 4 5 6 7 |  7.3
Armour         | 1 2 3 4 5 6 |  6.7
Dodging        | 3 4 5 6 7 |  7.6
Spellcasting   | 1 2 3 4 5 |  5.6
Fighting       | 3 4 5 6 7 |  7.2
Evocations     | 1 3 4 |  4.4

Action                   |  1- 3 |  4- 6 |  7- 9 | 10-12 || total
-------------------------+-------+-------+-------+-------++-------
Melee: Rapier            |   158 |   260 |   382 |    94 ||   894
       Unarmed           |       |    15 |       |       ||    15
       Dagger            |       |       |   570 |   940 ||  1510
       Short sword       |       |       |       |   242 ||   242
Throw: Throwing net      |       |     3 |     5 |     2 ||    10
       Javelin           |       |       |       |     1 ||     1
Evoke: Wand              |       |       |       |     1 ||     1
  Use: Scroll            |       |    10 |     6 |     5 ||    21
       Potion            |       |     3 |     2 |     4 ||     9
 Stab: Distracted        |       |     1 |       |       ||     1
       Held in net/web   |       |     1 |     4 |     4 ||     9
       Sleeping          |       |       |     7 |     9 ||    16
       Confused          |       |       |       |     1 ||     1
  Eat: Chunk             |     1 |     4 |    20 |    24 ||    49
Armor: Leather armour    |    26 |    23 |   256 |       ||   305
       Chain mail        |   101 |   153 |       |       ||   254
       Skin              |       |    18 |       |       ||    18
       Ring mail         |       |    14 |    97 |   122 ||   233
       Scale mail        |       |       |       |   409 ||   409
Dodge: Dodged            |   114 |   189 |   497 |   753 ||  1553
       Deflected         |       |       |    17 |     7 ||    24

Table legend:
 A = Non-vault XP
 B = Vault XP
 C = Vault XP percentage of total XP
 D = Non-vault monster count
 E = Vault monster count
 F = Vault count percentage of total count
                 A         B        C        D         E       F
            +---------+---------+-------+---------+---------+-------
      Total |   11922 |    6343 |  34.7 |     274 |      92 |  25.1
            +---------+---------+-------+---------+---------+-------
        D:1 |      33 |       1 |   2.9 |      18 |       1 |   5.3
        D:2 |      63 |       0 |   0.0 |      31 |       0 |   0.0
        D:3 |     128 |       4 |   3.0 |      34 |       1 |   2.9
        D:4 |     522 |     214 |  29.1 |      31 |      10 |  24.4
        D:5 |     476 |      35 |   6.8 |      19 |       1 |   5.0
        D:6 |    1075 |     393 |  26.8 |      18 |       2 |  10.0
        D:7 |     550 |    1561 |  73.9 |      17 |       7 |  29.2
        D:8 |     869 |    1315 |  60.2 |      19 |      11 |  36.7
        D:9 |    1984 |    1734 |  46.6 |      19 |      15 |  44.1
       D:10 |    1287 |       0 |   0.0 |      27 |       0 |   0.0
       D:11 |    1091 |       0 |   0.0 |      16 |       0 |   0.0
       D:12 |    3844 |     528 |  12.1 |      25 |      16 |  39.0
      Sewer |       0 |     558 | 100.0 |       0 |      28 | 100.0
            +---------+---------+-------+---------+---------+-------
